 Dungeon Crawl Stone Soup version 0.16.1-28-gcc2312f (webtiles) character file.

31 Kidiri the Sneak (level 3, -1/27 HPs)
             Began as a Demonspawn Assassin on May 28, 2015.
             Slain by a hobgoblin (5 damage)
             ... led by Robin
             ... on level 2 of the Dungeon.
             The game lasted 00:09:06 (1427 turns).

Kidiri the Sneak (Demonspawn Assassin)              Turns: 1427, Time: 00:09:06

Health: -1/27      AC:  3    Str: 11    XL:     3   Next: 7%
Magic:  3/3        EV: 12    Int: 12    God:
Gold:   77         SH:  0    Dex: 15    Spells: 0 memorised, 2 levels left

rFire  . . .     SeeInvis .     a - +3 dagger
rCold  . . .     Clarity  .     c - +0 robe
rNeg   . . .     SustAb   .     (no shield)
rPois  .         Gourm    .     (helmet restricted)
rElec  .         Spirit   .     d - +0 cloak
rCorr  +         Warding  .     (no gloves)
rMut   .         Rnd*Tele +     (no boots)
MR     .....                    s - amulet of resist corrosion
Stlth  +++.......               (no ring)
                                p - ring of teleportation (curse)

@: very slightly contaminated, not resistant to hostile enchantments, fairly
stealthy
A: antennae 1, powered by pain 1
a: Evoke Teleportation


You were on level 2 of the Dungeon.
You were hungry.

You visited 1 branch of the dungeon, and saw 2 of its levels.

You collected 77 gold pieces.

Inventory:

Hand weapons
 a - a +3 dagger (weapon)
 b - a +0 blowgun
Missiles
 e - 8 poisoned needles
 f - 2 curare-tipped needles
Armour
 c - a +0 robe (worn)
 d - a +0 cloak (worn)
Jewellery
 p - a cursed ring of teleportation (left hand)
 s - an amulet of resist corrosion (around neck)
Scrolls
 h - a scroll of enchant weapon
Potions
 m - a potion of curing {unknown}
 n - a potion of might {unknown}
 q - a potion of cancellation {unknown}
 r - 2 potions of flight {unknown}
Comestibles
 g - a bread ration
 o - a meat ration


   Skills:
 + Level 2.0 Fighting
 * Level 2.3 Short Blades
 + Level 2.0 Throwing
 + Level 0.3 Armour
 * Level 1.4 Dodging
 * Level 3.9 Stealth


You had 2 spell levels left.
You didn't know any spells.

Dungeon Overview and Level Annotations

Branches:
Dungeon (2/15)

Altars:

Annotations:
D:2 Robin, Terence


Innate Abilities, Weirdness & Mutations

You have a pair of small antennae on your head.
You sometimes gain a little power by taking damage.


Message History

A quokka, 2 hobgoblins and Terence come into view.
You hit the hobgoblin.
The hobgoblin is severely wounded.
Robin hits you with a spear of piercing.
The hobgoblin closely misses you.
The goblin hits you with a vampiric dagger.
* * * LOW HITPOINT WARNING * * *
The hobgoblin barely misses you. The hobgoblin misses you.
The hobgoblin closely misses you. The goblin hits you with a dagger.
* * * LOW HITPOINT WARNING * * *
Unknown command.
You hit the hobgoblin but do no damage.
The hobgoblin is severely wounded.
Robin roars a battlecry!
The goblins go into a battle-frenzy!
Robin hits you but does no damage. The goblin completely misses you.
The hobgoblin hits you.
* * * LOW HITPOINT WARNING * * *
The hobgoblin hits you.
You die...

. #. #. ###.
#...######
####........#
......ggg...#
......@ggg...#
....<.rg@gg..#
.#....gggg...#
#..S#.#######
#.. #. # . ..
.. .


You could see Terence, Robin, a quokka, 6 hobgoblins, 6 goblins and a ball
python (wandering).

Vanquished Creatures
  A giant gecko (D:1)
  An ooze (D:1)
  A ball python (D:1)
  4 bats (D:1)
  3 hobgoblins (D:1)
  2 jackals (D:1)
  3 kobolds (D:1)
  3 giant cockroaches
  A giant newt (D:1)
  2 goblins (D:1)
  6 rats (D:1)
27 creatures vanquished.

Notes
Turn   | Place    | Note
--------------------------------------------------------------
     0 | D:1      | Kidiri, the Demonspawn Assassin, began the quest for the Orb.
     0 | D:1      | Reached XP level 1. HP: 16/16 MP: 1/1
   199 | D:1      | Reached skill level 1 in Dodging
   356 | D:1      | Gained mutation: You have a pair of small antennae on your head. [demonic ancestry]
   356 | D:1      | Reached XP level 2. HP: 9/22 MP: 2/2
  1113 | D:1      | Gained mutation: You sometimes gain a little power by taking damage. [demonic ancestry]
  1113 | D:1      | Reached XP level 3. HP: 19/27 MP: 3/3
  1425 | D:2      | Noticed Robin
  1426 | D:2      | Noticed Terence
  1427 | D:2      | Slain by a hobgoblin

Action                   || total
-------------------------++-------
Melee: Dagger            ||   101
  Use: Scroll            ||     7
 Stab: Sleeping          ||     4
  Eat: Chunk             ||     1
